 Dungeon Crawl Stone Soup version 0.30-b1-2-g02819fbbbe (webtiles) character file.

Game seed: 1902561980094158277

12273 Flugkiller the Protected (level 11, -12/102 HPs)
             Began as a Minotaur Fighter on May 8, 2023.
             Was an Elder of Cheibriados.
             Mangled by a death knight
             ... wielding a +0 battleaxe
              (25 damage)
             ... on level 12 of the Dungeon.
             The game lasted 00:06:09 (11209 turns).

Flugkiller the Protected (Minotaur Fighter)        Turns: 11209, Time: 00:06:10

Health: -12/102    AC: 28    Str: 39    XL:     11   Next: 60%
Magic:  13/13      EV: 10    Int: 15    God:    Cheibriados [****..]
Gold:   970        SH:  8    Dex: 26    Spells: 10/10 levels left

rFire   . . .        a - +1 war axe (flame)
rCold   . . .        c - +0 buckler
rNeg    . . .        F - +0 crystal plate armour of Lugonu's Supremacy {Fly rPois Str+4 Stlth-}
rPois   +            (helmet restricted)
rElec   .            A - +2 cloak {rCorr}
rCorr   +            f - +1 pair of gloves
SInv    .            B - +0 pair of boots
Will    .....        u - amulet of the acrobat Stlth
                     e - +6 ring of dexterity
HPRegen 0.37/turn    (no ring)
MPRegen 0.13/turn

%: acrobat
@: flying, very slow
A: horns 2, retaliatory headbutt
a: Renounce Religion, Bend Time, Temporal Distortion, Slouch


You were on level 12 of the Dungeon.
You worshipped Cheibriados.
Cheibriados was greatly pleased with you.
You visited 2 branches of the dungeon, and saw 13 of its levels.

You collected 1000 gold pieces.
You spent 30 gold pieces at shops.

Inventory:

Hand Weapons
 a - a +1 war axe of flaming (weapon)
Missiles
 m - a throwing net (quivered)
Armour
 c - a +0 buckler (worn)
 f - a +1 pair of gloves (worn)
   (You found it on level 3 of the Dungeon)
 A - a +2 cloak of preservation (worn)
   (You found it on level 10 of the Dungeon)
 B - a +0 pair of boots (worn)
   (You found it on level 9 of the Dungeon)
 F - the +0 crystal plate armour of Lugonu's Supremacy (worn) {Fly rPois Str+4 Stlth-}
   (You acquired it on level 9 of the Dungeon)

   Str:       It affects your strength (+4).
   rPois:     It protects you from poison.
   Fly:       It grants you flight.
   Stlth:     It makes you less stealthy.
Jewellery
 e - a +6 ring of dexterity (left hand)
   (You found it on level 1 of the Dungeon)
 i - a ring of see invisible
   (You found it on level 12 of the Dungeon)
 u - an amulet of the acrobat (around neck)
   (You found it on level 4 of the Dungeon)
Wands
 g - a wand of digging (7)
   (You found it on level 6 of the Dungeon)
 x - a wand of acid (5)
   (You found it on level 5 of the Dungeon)
 y - a wand of charming (12)
   (You found it on level 7 of the Dungeon)
Scrolls
 j - a scroll of fog
 l - a scroll of magic mapping
 p - 2 scrolls of silence
 r - a scroll of acquirement
 t - 3 scrolls of teleportation
 v - 2 scrolls of vulnerability
 z - a scroll of blinking
Potions
 b - 2 potions of brilliance {unknown}
 d - a potion of might
 h - 3 potions of haste
 k - a potion of cancellation {unknown}
 n - a potion of invisibility {unknown}
 o - a potion of mutation {unknown}
 q - 2 potions of curing
 s - 3 potions of berserk rage
 w - 2 potions of heal wounds
 C - a potion of magic
 D - 2 potions of lignification
 E - a potion of resistance {unknown}


   Skills:
 * Level 11.5 Fighting
 * Level 11.2 Axes
 * Level 11.5 Armour
 + Level 4.6 Dodging
 + Level 8.5 Shields
 + Level 4.2 Invocations
 + Level 3.8 Evocations


You had 10 spell levels left.
You didn't know any spells.
Your spell library was empty.

Dungeon Overview and Level Annotations

Branches:
Dungeon (12/15)            Temple (1/1) D:6            Lair (0/5) D:11
    Orc (0/2) D:12

Altars:
Ashenzari
Cheibriados
Dithmenos
Elyvilon
Fedhas
Gozag
Hepliaklqana
Kikubaaqudgha
Makhleb
Nemelex Xobeh
Okawaru
Qazlal
Ru
Sif Muna
Trog
Uskayaw
Vehumet
Wu Jian
Xom
Yredelemnul
Zin
The Shining One

Shops:
D:2 =*   D:3 :   D:8 !   D:12 (

Annotations:
D:8 2 transporters
D:11 exclusion: statue


Innate Abilities, Weirdness & Mutations

You have a pair of horns on your head.
You reflexively headbutt those who attack you in melee.


Message History

You block the boulder beetle's attack.
You hit the boulder beetle but do no damage.
You headbutt the boulder beetle!
The boulder beetle is heavily wounded.
The boulder beetle bites you but does no damage.
You slash the boulder beetle! You burn the boulder beetle.
The boulder beetle is severely wounded.
The boulder beetle leaps!
A cyclops comes into view.
The cyclops shouts!
The boulder beetle leaps!
The cyclops throws a large rock.
The large rock completely misses you.
The boulder beetle curls into a ball and begins rolling!
The cyclops throws a large rock.
You block the large rock.
Found a leather armour.
You block the boulder beetle's attack.
The boulder beetle stops rolling and uncurls.
The cyclops throws a large rock.
You block the large rock.
You hit the boulder beetle but do no damage.
The boulder beetle is severely wounded.
You block the boulder beetle's attack.
You slash the boulder beetle! You burn the boulder beetle.
You headbutt the boulder beetle, but do no damage.
The boulder beetle is almost dead.
The boulder beetle bites you!
You hit the boulder beetle but do no damage.
You headbutt the boulder beetle, but do no damage.
The boulder beetle is almost dead.
You block the boulder beetle's attack.
You slice the boulder beetle!! You burn the boulder beetle.
You kill the boulder beetle!
Cheibriados thoroughly appreciates the change of pace.
The cyclops throws a large rock.
The large rock misses you.
You slash the cyclops! You burn the cyclops.
The cyclops is lightly wounded.
You hit the cyclops. You burn the cyclops.
You headbutt the cyclops, but do no damage.
The cyclops is moderately wounded.
The cyclops barely misses you. You furiously retaliate!
You headbutt the cyclops! You slash the cyclops! You burn the cyclops.
You headbutt the cyclops.
The cyclops is almost dead.
The cyclops barely misses you.
You slash the cyclops! You burn the cyclops.
You kill the cyclops!
Cheibriados appreciates the change of pace.
No target in view!
No target in view!
No target in view!
No target in view!
Things that are here:
5 large rocks; a cyclops corpse
i - a ring of see invisible
F - the +0 crystal plate armour of Lugonu's Supremacy (worn)
{Fly rPois Str+4 Stlth-}
t - 3 scrolls of teleportation (gained 1)
Found two stone staircases leading down.
A death knight comes into view. It is wielding a +0 battleaxe.
The death knight shouts!
The death knight offers itself to Yredelemnul, and fills with unholy energy.
A death knight is nearby!
You block the death knight's attack.
The death knight hits you with a +0 battleaxe.
You completely miss the death knight. You hit the death knight.
You burn the death knight.
The death knight is lightly wounded.
The death knight reflects your damage back at you!
The death knight hits you with a +0 battleaxe! x2
You hit the death knight. You burn the death knight.
You headbutt the death knight!
The death knight is moderately wounded.
The death knight reflects your damage back at you!
The death knight hits you but does no damage.
You barely miss the death knight.
The death knight is moderately wounded.
You hit the death knight. You burn the death knight.
You headbutt the death knight.
The death knight is heavily wounded.
The death knight reflects your damage back at you!
You block the death knight's attack.
You slash the death knight! You burn the death knight.
The death knight is heavily wounded.
The death knight reflects your damage back at you!
The death knight completely misses you. You furiously retaliate!
You headbutt the death knight.
The death knight reflects your damage back at you!
You closely miss the death knight.
You headbutt the death knight, but do no damage.
The death knight is heavily wounded.
You block the death knight's attack.
The death knight's dark mirror aura disappears.
The death knight calls down the wrath of Yredelemnul upon you.
Your body is wracked with pain!
* * * LOW HITPOINT WARNING * * *
The death knight attacks as you move away!
You block the death knight's attack.
The death knight hits you with a +0 battleaxe!!
* * * LOW HITPOINT WARNING * * *
You slice the death knight!! You burn the death knight.
The death knight is almost dead.
The death knight hits you with a +0 battleaxe!!
You die...

#...##..##.# #...#
#...# #...##..##.#
#...# #...# #.
#...##..##.# #...#
#...# #.
#...##..##.# #...#
#...# #.
#...##..##.# #...#
#...# #.
#...##.....# #...#
#...# #.
#..........#####...#
#...###.
#.......#..........#
#.......
#..###..#>...@p....#
#....... #..
#..#...####.$.#
#..####. #..
#..#...# ...# #..#
#. #.. #..#..># ...#
#..# #. #.. #..#...#
...# #..# #. #..
#..#...# ...# ####
#. #..#...# ...# #.
#..#... ...# #. #..#
#.


You could see a death knight.

Vanquished Creatures
  2 boulder beetles
  3 two-headed ogres
  A cyclops (D:12)
  A manticore (D:12)
  A komodo dragon (D:11)
  2 trolls
  4 slime creatures (D:12)
  Sigmund (D:3)
  7 yaks
  A wyvern (D:11)
  A vampire (D:12)
  A shadow (D:10)
  2 wraiths
  A steam dragon (D:8)
  4 vampire mosquitoes (D:11)
  2 acid dragons
  4 water moccasins
  2 ice beasts
  4 orc warriors
  3 black bears (D:11)
  A centaur (D:10)
  2 phantoms (D:4)
  5 kobold brigands
  8 bullfrogs
  3 scorpions
  8 killer bees
  10 howler monkeys
  A jelly (D:5)
  5 hounds
  Crazy Yiuf (D:2)
  5 orc priests
  A gnoll bouda (D:9)
  A sleepcap (D:6)
  Terence (D:3)
  4 iguanas
  11 orc wizards
  24 gnolls
  6 adders
  2 shadow imps
  4 white imps
  An ufetubus (D:7)
  5 worms
  46 orcs
  14 ball pythons
  4 endoplasms
  10 goblins
  9 hobgoblins
  4 jackals
  56 kobolds
  2 quokkas
  3 bats
  3 frilled lizards
  7 rats
314 creatures vanquished.

Vanquished Creatures (others)
  24 fungi (D:11)
  29 plants (D:11)
53 creatures vanquished.

Grand Total: 367 creatures vanquished

Notes
Turn   | Place    | Note
-------+----------+-------------------------------------------
     0 | D:1      | Flugkiller the Minotaur Fighter began the quest for the
                  | Orb.
     0 | D:1      | Reached XP level 1. HP: 19/19 MP: 0/0
   126 | D:1      | Reached XP level 2. HP: 24/27 MP: 1/1
   317 | D:1      | Found a faded altar of an unknown god.
   693 | D:2      | Reached XP level 3. HP: 33/33 MP: 2/2
   702 | D:2      | Found Beiseorphau's Assorted Antiques.
   707 | D:2      | Bought a scroll labelled EFUPPO PALYKHA for 30 gold pieces
   773 | D:2      | Found Ymovaz's Jewellery Boutique.
  1047 | D:2      | Found a runed translucent door.
  1048 | D:2      | Noticed Crazy Yiuf
  1241 | D:2      | Killed Crazy Yiuf
  1242 | D:2      | Reached XP level 4. HP: 5/41 MP: 3/3
  1678 | D:3      | Found Jeaceda's Book Boutique.
  1740 | D:3      | Found an ornate altar of the Wu Jian Council.
  1750 | D:3      | Reached XP level 5. HP: 46/47 MP: 4/4
  2070 | D:3      | Reached skill level 5 in Armour
  2161 | D:3      | Reached skill level 5 in Fighting
  2311 | D:3      | Reached XP level 6. HP: 52/56 MP: 5/5
  2390 | D:3      | Noticed Sigmund
  2392 | D:3      | Noticed Terence
  2451 | D:3      | Killed Terence
  2571 | D:3      | Reached skill level 5 in Axes
  2662 | D:3      | Reached XP level 7. HP: 45/62 MP: 6/6
  2663 | D:3      | Killed Sigmund
  2664 | D:3      | Reached skill level 5 in Shields
  3352 | D:4      | Identified the +2 ring mail of Prudence {*Corrode Regen+
                  | Int+7}
  3632 | D:5      | Entered Level 5 of the Dungeon
  3638 | D:5      | Noticed a two-headed ogre
  3667 | D:5      | HP: 3/64 [two-headed ogre/+0 giant club (12)]
  3686 | D:5      | HP: 1/64 [two-headed ogre/+0 giant club (6)]
  3868 | D:5      | Found a white marble altar of Elyvilon.
  3928 | D:5      | Reached XP level 8. HP: 62/71 MP: 7/7
  4415 | D:5      | Killed a two-headed ogre
  4713 | D:5      | Found a shimmering altar of Xom.
  5162 | D:5      | Reached XP level 9. HP: 82/82 MP: 8/8
  5765 | D:6      | Found a sparkling altar of Nemelex Xobeh.
  5910 | D:6      | Found a staircase to the Ecumenical Temple.
  6004 | Temple   | Entered the Ecumenical Temple
  6027 | Temple   | Became a worshipper of Cheibriados the Contemplative
  6359 | D:6      | Found an iron altar of Okawaru.
  6667 | D:7      | Reached skill level 1 in Evocations
  6791 | D:7      | Reached skill level 1 in Invocations
  6949 | D:8      | Reached * piety under Cheibriados
  6950 | D:8      | Reached skill level 1 in Dodging
  7234 | D:8      | Found a glowing golden altar of the Shining One.
  7268 | D:8      | Found a transporter.
  7270 | D:8      | Found Nobro's Distillery.
  7412 | D:8      | Found a transporter.
  8011 | D:9      | Reached ** piety under Cheibriados
  8022 | D:9      | Reached XP level 10. HP: 59/91 MP: 10/10
  8065 | D:9      | Identified a scroll of acquirement
  8408 | D:9      | Noticed a +0 spear
  8409 | D:9      | Identified the +4 flail of Otoiny {flame, rElec rCorr Dex+2
                  | SInv}
  8410 | D:9      | Noticed a +0 short sword
  8410 | D:9      | Noticed a +0 dagger
  8411 | D:9      | Noticed a +0 spear
  8411 | D:9      | Noticed a +0 short sword
  8413 | D:9      | Noticed a +0 falchion
  8413 | D:9      | Noticed a +0 dagger
  8413 | D:9      | Noticed a +0 falchion
  8416 | D:9      | Found a hide-covered altar of Uskayaw.
  8725 | D:9      | Acquired the +0 crystal plate armour of Lugonu's Supremacy
                  | {Fly rPois Str+4 Stlth-}
  8756 | D:10     | Entered Level 10 of the Dungeon
  8809 | D:10     | Noticed a two-headed ogre
  8819 | D:10     | Killed a two-headed ogre
  8820 | D:10     | Reached skill level 10 in Fighting
  8820 | D:10     | Reached skill level 10 in Armour
  9046 | D:10     | Noticed a boulder beetle
  9052 | D:10     | Reached *** piety under Cheibriados
  9068 | D:10     | Reached skill level 10 in Axes
  9069 | D:10     | Killed a boulder beetle
  9332 | D:10     | Noticed a two-headed ogre
  9340 | D:10     | Killed a two-headed ogre
  9341 | D:10     | Reached XP level 11. HP: 42/101 MP: 12/12
  9864 | D:11     | Reached **** piety under Cheibriados
  9938 | D:11     | Found a staircase to the Lair.
 10076 | D:11     | Found a radiant altar of Vehumet.
 10903 | D:12     | Found a staircase to the Orcish Mines.
 10903 | D:12     | Found Ibrycasy's Weapon Shoppe.
 11134 | D:12     | Noticed a boulder beetle
 11149 | D:12     | Killed a boulder beetle
 11198 | D:12     | Noticed a death knight
 11209 | D:12     | Mangled by a death knight

Illustrated notes

Levels and vault maps discovered:
D:1:      tarquinn_simple_flora_water_b, layout_basic,
          hellmonk_ecumenical_altar_run_dry
D:2:      layout_rooms, serial_shops, nicolae_shop_hallway_plus,
          nicolae_shop_hallway_plus, minmay_misc_feat_encased,
          minmay_misc_feat_x, uniq_crazy_yiuf_cottage
D:3:      minmay_goblin_kobold_castle, layout_basic,
          nicolae_wu_jian_wuxing_cycle, serial_shops, shop, uniq_sigmund,
          uniq_terence
D:4:      layout_cave_pools
D:5:      layout_basic, tgw_xom, elyvilon_altar_5
D:6:      layout_loops_ring, marbit_many_paths, nemelex_spade_bored_becter,
          minmay_temple_entry_fiery
D:7:      layout_cave_pools
D:8:      layout_loops_cross, tso_oasis_becter, serial_shops,
          nicolae_shop_drivethru
D:9:      layout_small_grid, nicolae_uskayaw_en_pointe
D:10:     layout_small_grid, grunt_ministairs_1
D:11:     layout_roguey, due_lair_maze_entry_diamond, vehumet_statue
D:12:     layout_long_grid, orc_david_3, special_room [special_room_orc],
          uniq_josephine
Temple:   hellmonk_temple_two_chambers

Skill      XL: |  1  2  3  4  5  6  7  8  9 10 11 |
---------------+----------------------------------+-----
Fighting       | 4 5 6 8 9 10 11 | 11.5
Armour         | 4 5 6 7 8 9 10 11 | 11.5
Axes           | 3 4 5 6 7 9 10 11 | 11.2
Shields        | 4 5 6 7 8 |  8.5
Evocations     | 1 3 |  3.8
Invocations    | 2 3 4 |  4.2
Dodging        | 2 3 4 |  4.6

Action                     |  1- 3 |  4- 6 |  7- 9 | 10-12 || total
---------------------------+-------+-------+-------+-------++-------
  Melee: War axe           |    68 |   153 |   280 |   207 ||   708
         Headbutt          |     3 |    23 |    54 |    52 ||   132
    Use: Potion            |       |     5 |     3 |       ||     8
         Scroll            |       |     3 |     8 |    10 ||    21
 Armour: Scale mail        |    19 |       |       |       ||    19
         Plate armour      |     7 |   133 |   165 |    15 ||   320
         Crystal plate arm |       |       |       |   110 ||   110
  Dodge: Dodged            |    20 |    64 |   107 |   121 ||   312
  Block: Buckler           |    13 |    64 |    72 |    89 ||   238
